 Dungeon Crawl Stone Soup version 0.27-a0-1105-g946c659c87 (webtiles) character file.

Game seed: 1554333208200585132

6024 DogServant the Carver (level 10, -3/80 HPs)
             Began as a Djinni Hedge Wizard on Apr 29, 2021.
             Was a Believer of Makhleb.
             Slain by an iguana (10 damage)
             ... on level 7 of the Dungeon.
             The game lasted 00:43:53 (14603 turns).

DogServant the Carver (Djinni Hedge Wizard)        Turns: 14603, Time: 00:43:54

Health: -3/80      AC:  9    Str: 15    XL:     10   Next: 86%
Gold:   408        EV: 14    Int: 16    God:    Makhleb [**....] SH:  0 Dex: 20

rFire    + . .     SeeInvis .   p - +2 long sword (vorpal)
rCold    + . .     Faith    .   (no shield)
rNeg     . . .     Spirit   .   l - +0 ring mail
rPois    ∞         Reflect  .   c - +1 hat
rElec    .         Harm     .   (no cloak)
rCorr    .         Rampage  .   t - +0 pair of gloves "Heobodu" {rF- rC++ Will+ Str+4}
Will     ++...                  (boots unavailable)
Stlth    ++........             (no amulet)
HPRegen  0.23/turn              v - +6 ring of dexterity
MPRegen  0.00/turn              (no ring)

@: flying
A: fire resistance 2, cold vulnerability 1, float, innate caster, hp casting,
extra vitality 1, antennae 1, robust 1
a: Renounce Religion, Minor Destruction


You were on level 7 of the Dungeon.
You worshipped Makhleb.
Makhleb was pleased with you.
You visited 2 branches of the dungeon, and saw 9 of its levels.

You collected 487 gold pieces.
You spent 79 gold pieces at shops.

Inventory:

Hand Weapons
 p - a +2 vorpal long sword (weapon)
Missiles
 f - 23 poisoned darts
 m - a curare-tipped dart
 C - 2 throwing nets
Armour
 a - a +0 scale mail
 c - a +1 hat (worn)
 e - a +2 pair of gloves
 i - a +0 leather armour
 l - a +0 ring mail (worn)
 t - the +0 pair of gloves "Heobodu" (worn) {rF- rC++ Will+ Str+4}
   (You found it on level 5 of the Dungeon)

   It affects your strength (+4).
   It makes you vulnerable to fire.
   It greatly protects you from cold.
   It increases your willpower.
Jewellery
 q - the ring of Greed {Ice rN+ rCorr Int+4}
   (You found it on level 4 of the Dungeon)

   [ring of ice]

   It enhances your ice magic.
   It affects your intelligence (+4).
   It makes you vulnerable to fire.
   It protects you from cold.
   It protects you from negative energy.
   It protects you from acid and corrosion.
 v - a +6 ring of dexterity (left hand)
Wands
 b - a wand of acid (11)
 g - a wand of mindburst (11)
 w - a wand of flame (7)
 B - a wand of paralysis (9)
Scrolls
 d - 3 scrolls of teleportation
 k - a scroll of enchant armour
 r - a scroll of fog
 u - a scroll of immolation
 y - a scroll of silence
Potions
 j - a potion of resistance
 n - 2 potions of haste
 s - a potion of magic {unknown}
 x - 2 potions of flight {unknown}
 z - a potion of heal wounds {unknown}
 D - a potion of lignification {unknown}


   Skills:
 + Level 6.7 Fighting
 + Level 8.7 Long Blades
 - Level 7.5 Armour
 - Level 6.1 Dodging
 - Level 1.5 Stealth
 + Level 5.6 Spellcasting


You couldn't memorise any spells.
You knew the following spells:

 Your Spells              Type           Power      Damage    Failure   Level
a - Searing Ray           Conj           44%        3d4       3%          2
b - Blink                 Tloc           N/A        N/A       3%          2
c - Call Imp              Summ           22%        N/A       3%          2
d - Slow                  Hex            22%        N/A       3%          2
e - Conjure Flame         Conj/Fire      22%        6-21      8%          3
f - Mephitic Cloud        Conj/Pois/Air  22%        N/A       8%          3
g - Summon Small Mammal   Summ           88%        N/A       2%          1
h - Magic Dart            Conj           88%        1d7       2%          1
i - Poisonous Vapours     Pois/Air       44%        N/A       3%          2
j - Confusing Touch       Hex            22%        N/A       8%          3
Your spell library was empty.

Dungeon Overview and Level Annotations

Branches:
Dungeon (8/15)             Temple (1/1) D:6            Lair (0/6) D:8

Altars:
Ashenzari
Dithmenos
Elyvilon
Fedhas
Gozag
Hepliaklqana
Kikubaaqudgha
Makhleb
Nemelex Xobeh
Okawaru
Qazlal
Ru
Trog
Uskayaw
Vehumet
Wu Jian
Xom
Zin
The Shining One

Shops:
D:2 ((!(

Annotations:
D:3 2 transporters, DogServant's ghost, amateur DjIE


Innate Abilities, Weirdness & Mutations

You are immune to poison.
Your flesh is very heat resistant. (rF++)
You are vulnerable to cold. (rC-)
You float through the air rather than walking.
You learn spells naturally, not from books.
Your magical power is your life essence.
You have superior vitality. (+4 HP)
You have a pair of small antennae on your head.
You are robust. (+10% HP)


Message History

The centaur appears confused.
Items here: ) = [ †.
You hit the shadow.
The shadow is lightly damaged.
The shadow misses you.
You closely miss the shadow.
The shadow is lightly damaged.
The shadow slips into darkness.
The shadow flickers and vanishes!
Deactivating autopickup; reactivate with Ctrl-A.
Casting: Mephitic Cloud (dangerous; 8% risk of failure)
Confirm with . or Enter, or press ? or * to list all spells.
Okay, then.
The shadow strikes at you from the darkness!
* * * LOW HITPOINT WARNING * * *
Reactivating autopickup.
Okay, then.
You feel better.
The shadow slips into darkness.
The shadow flickers and vanishes!
Deactivating autopickup; reactivate with Ctrl-A.
Okay, then.
As you read the scroll of teleportation, it crumbles to dust.
You feel strangely unstable.
The shadow strikes at you from the darkness!
* * * LOW HITPOINT WARNING * * *
Reactivating autopickup.
Your surroundings suddenly seem different.
An iguana comes into view.
Casting: Mephitic Cloud (dangerous; 8% risk of failure)
Confirm with . or Enter, or press ? or * to list all spells.
Aiming: Poisonous Vapours (safe; 3% risk of failure)
Press: ? - help, Dir - move target, f - iguana
Aim: an iguana (wandering, hasn't noticed you) Poisonous vapours surround the iguana!
The iguana hisses angrily.
* * * LOW HITPOINT WARNING * * *
The iguana is engulfed in poison gas.
The iguana is poisoned.
The iguana bites you!
You die...

..# #.# ..### #..
####.#.####. .#..
##........##... ....
#.........##..####..
#.....)........###.
#.......#...##..#..
#.l....###..#......
#.@.....##.........
#......###.........
#.......#....<.....
####.....)....##.....
##.##.###........##....).
#............###.###.....
#...##........#....#.....
#...#..........##########
#......>.......#


You could see an iguana (poisoned).

Vanquished Creatures
  A deep elf pyromancer (D:7)
  A komodo dragon (D:8)
  A hornet (D:8)
  2 yaks
  2 wyverns
  5 water moccasins
  4 orc warriors
  2 ice beasts
  4 black bears
  2 necrophages
  4 ogres
  5 centaurs
  2 phantoms
  3 bullfrogs (D:8)
  3 kobold brigands (D:7)
  A gnoll sergeant (D:7)
  A wyvern zombie (D:7)
  3 scorpions
  2 water moccasin skeletons
  2 howler monkeys
  A wight (D:7)
  3 centaur zombies
  A crimson imp (D:4)
  2 centaur skeletons
  4 hounds
  2 jellies (D:6)
  2 bullfrog skeletons
  5 orc priests (D:7)
  A gnoll shaman (D:6)
  Jessica (D:2)
  3 iguanas
  Natasha (thrice) (D:2)
  5 orc wizards
  2 howler monkey zombies (D:7)
  11 gnolls
  4 adders
  2 white imps
  2 worms (D:2)
  2 dart slugs (D:2)
  26 orcs
  4 ball pythons
  4 endoplasms
  6 giant cockroaches
  11 goblins
  6 hobgoblins
  7 jackals (D:1)
  8 kobolds
  2 quokkas (D:3)
  A frilled lizard (D:5)
  5 goblin skeletons (D:4)
  2 goblin zombies (D:4)
  2 hobgoblin zombies (D:4)
  A kobold skeleton (D:4)
  A kobold zombie (D:4)
  An orc zombie (D:4)
  13 rats
206 creatures vanquished.

Vanquished Creatures (collateral kills)
  A killer bee (D:7)
  An orc (D:6)
  A kobold (D:7)
3 creatures vanquished.

Vanquished Creatures (others)
  47 fungi (D:8)
  68 plants
115 creatures vanquished.

Grand Total: 324 creatures vanquished

Notes
Turn   | Place    | Note
-------+----------+-------------------------------------------
     0 | D:1      | DogServant the Djinni Hedge Wizard began the quest for the
                  | Orb.
     0 | D:1      | Reached XP level 1. HP: 15/15 MP: 0/0
   448 | D:1      | Reached skill level 1 in Fighting
   448 | D:1      | Reached XP level 2. HP: 15/22 MP: 0/0
  1268 | D:1      | Reached XP level 3. HP: 18/28 MP: 0/0
  1268 | D:1      | Learned a level 1 spell: Summon Small Mammal
  2380 | D:2      | Noticed Jessica
  2386 | D:2      | Killed Jessica
  2387 | D:2      | Reached XP level 4. HP: 27/34 MP: 0/0
  2772 | D:2      | Noticed Natasha
  2786 | D:2      | Killed Natasha
  2908 | D:2      | Noticed Natasha
  2923 | D:2      | Killed Natasha
  2924 | D:2      | Reached XP level 5. HP: 26/40 MP: 0/0
  2924 | D:2      | Learned a level 2 spell: Searing Ray
  3040 | D:2      | Found Miffuma's Weapon Boutique.
  3063 | D:2      | Found Kitzoik's Weapon Boutique.
  3110 | D:2      | Found Usheupho's Distillery.
  3435 | D:2      | Found Zouz's Weapon Shoppe.
  3511 | D:2      | Noticed Natasha
  3531 | D:2      | Killed Natasha
  3781 | D:3      | Found a transporter.
  3781 | D:3      | Noticed DogServant's ghost (amateur DjIE)
  3830 | D:3      | Noticed a necrophage
  3831 | D:3      | Found a transporter.
  3857 | D:3      | Found a glowing silver altar of Zin.
  4269 | D:3      | Noticed an ogre
  4278 | D:3      | Killed an ogre
  4279 | D:3      | Reached XP level 6. HP: 35/47 MP: 0/0
  4585 | D:2      | Bought a +0 vorpal long sword for 79 gold pieces
  5733 | D:4      | Found a glowing golden altar of the Shining One.
  5794 | D:4      | Identified the ring of Greed {Ice rN+ rCorr Int+4}
  5819 | D:4      | Reached skill level 1 in Long Blades
  5987 | D:4      | Found a white marble altar of Elyvilon.
  6189 | D:4      | Reached XP level 7. HP: 39/52 MP: 0/0
  6189 | D:4      | Learned a level 2 spell: Poisonous Vapours
  6830 | D:5      | Entered Level 5 of the Dungeon
  6835 | D:5      | Found a sacrificial altar of Ru.
  6894 | D:5      | Reached skill level 2 in Long Blades
  6894 | D:5      | Reached skill level 5 in Spellcasting
  7162 | D:5      | Reached skill level 1 in Armour
  7515 | D:5      | Found a hazy altar of Hepliaklqana.
  7522 | D:5      | Identified the +0 pair of gloves "Heobodu" {rF- rC++ Will+
                  | Str+4}
  7720 | D:5      | Found a bloodstained altar of Trog.
  8006 | D:5      | Reached skill level 3 in Long Blades
  8006 | D:5      | Reached XP level 8. HP: 46/58 MP: 0/0
  8437 | D:6      | Reached skill level 4 in Long Blades
  8598 | D:6      | Found a staircase to the Ecumenical Temple.
  8620 | Temple   | Entered the Ecumenical Temple
  8732 | Temple   | Became a worshipper of Makhleb the Destroyer
  9349 | D:6      | Reached skill level 5 in Fighting
  9349 | D:6      | Reached skill level 5 in Dodging
 10534 | D:6      | Gained mutation: You are dopey. (Int -2) [potion of
                  | mutation]
 10534 | D:6      | Gained mutation: You occasionally shout uncontrollably at
                  | your foes. [potion of mutation]
 10534 | D:6      | Gained mutation: You expend health (3 HP) to strengthen
                  | your wands. [potion of mutation]
 10534 | D:6      | Gained mutation: Your movements are slightly less
                  | encumbered by armour. (ER -2) [potion of mutation]
 10535 | D:6      | Lost mutation: Your movements are slightly less encumbered
                  | by armour. (ER -2) [potion of mutation]
 10535 | D:6      | Lost mutation: You expend health (3 HP) to strengthen your
                  | wands. [potion of mutation]
 10535 | D:6      | Lost mutation: You occasionally shout uncontrollably at
                  | your foes. [potion of mutation]
 10535 | D:6      | Lost mutation: You are dopey. (Int -2) [potion of mutation]
 10535 | D:6      | Gained mutation: Armour fits poorly on your strangely
                  | shaped body. [potion of mutation]
 10535 | D:6      | Gained mutation: You sometimes lose the ability to read
                  | scrolls when taking damage. [potion of mutation]
 10535 | D:6      | Gained mutation: You have a somewhat thin skeletal
                  | structure. (Dex +2, Stealth+) [potion of mutation]
 10536 | D:6      | Lost mutation: Armour fits poorly on your strangely shaped
                  | body. [potion of mutation]
 10536 | D:6      | Lost mutation: You sometimes lose the ability to read
                  | scrolls when taking damage. [potion of mutation]
 10536 | D:6      | Lost mutation: You have a somewhat thin skeletal structure.
                  | (Dex +2, Stealth+) [potion of mutation]
 10536 | D:6      | Gained mutation: You are robust. (+10% HP) [potion of
                  | mutation]
 10536 | D:6      | Gained mutation: You have a pair of small antennae on your
                  | head. [potion of mutation]
 10711 | D:6      | Reached XP level 9. HP: 12/71 MP: 0/0
 10711 | D:6      | Learned a level 3 spell: Confusing Touch
 11233 | D:7      | Reached skill level 5 in Long Blades
 11542 | D:6      | Reached * piety under Makhleb
 11727 | D:8      | Noticed a komodo dragon
 11774 | D:8      | Killed a komodo dragon
 11780 | D:8      | Reached skill level 6 in Long Blades
 12229 | D:8      | Reached skill level 5 in Armour
 12307 | D:8      | Noticed a hornet
 12324 | D:8      | Killed a hornet
 12336 | D:8      | Reached skill level 7 in Long Blades
 12359 | D:8      | Reached XP level 10. HP: 47/79 MP: 0/0
 12463 | D:8      | Found a staircase to the Lair.
 13237 | D:7      | Reached skill level 8 in Long Blades
 13816 | D:7      | Reached ** piety under Makhleb
 14379 | D:7      | Found a sparkling altar of Nemelex Xobeh.
 14574 | D:7      | Noticed a deep elf pyromancer
 14590 | D:7      | Killed a deep elf pyromancer
 14596 | D:7      | HP: 4/80 [something (24)]
 14603 | D:7      | Slain by an iguana

Illustrated notes

Levels and vault maps discovered:
D:1:      tarquinn_simple_flora_water_c, layout_basic, dk_noncrumbling_2
D:2:      layout_loops_ring, serial_shops, shop, nicolae_shop_statue_plus,
          nicolae_shop_behind_doors, shop, uniq_natasha, uniq_jessica
D:3:      layout_loops_ring, pf_just_have_faith, gammafunk_ghost_mausoleum
D:4:      layout_basic, elyvilon_altar_3, nicolae_tso_besieged_by_evil
D:5:      wander_river, layout_basic, nicolae_hepliaklqana_hazy_memory,
          trog_butcher_becter, nicolae_ru_awakened_eye
D:6:      layout_cave_pods, minmay_temple_entry_slanted
D:7:      nzn_winding_woodlands_large [nzn_winding_woodlands_5x5_default,
          nzn_winding_woodlands_5x15_pockets, nzn_winding_woodlands_5x5_cross,
          nzn_winding_woodlands_center_garden,
          nzn_winding_woodlands_15x15_thick_spiral,
          nzn_winding_woodlands_center_triple_pond,
          nzn_winding_woodlands_5x5_checkerboard,
          nzn_winding_woodlands_5x15_river_crossing,
          nzn_winding_woodlands_5x5_closed_star], layout_cave_pools,
          general_overflow_altar, grunt_ministairs_9
D:8:      layout_loops_ring, due_lair_maze_entry_diamond, uniq_prince_ribbit1,
          uniq_maggie
Temple:   minmay_temple_forest_path

Skill      XL: |  1  2  3  4  5  6  7  8  9 10 |
---------------+-------------------------------+-----
Fighting       | 1 2 3 4 5 6 |  6.7
Spellcasting   | 3 4 5 |  5.6
Long Blades    | 1 3 4 7 8 |  8.7
Dodging        | 4 5 6 |  6.1
Armour         | 2 3 5 7 |  7.5
Stealth        | |  1.5

Action                   |  1- 3 |  4- 6 |  7- 9 | 10-12 || total
-------------------------+-------+-------+-------+-------++-------
Melee: Dagger            |     7 |    41 |       |       ||    48
       Long sword        |       |    24 |    48 |   119 ||   191
 Cast: Magic Dart        |    99 |    34 |       |       ||   133
       Mephitic Cloud    |       |     9 |    20 |    19 ||    48
       Searing Ray       |       |    46 |    93 |    33 ||   172
       Conjure Flame     |       |     3 |     4 |     1 ||     8
       Call Imp          |       |       |     2 |     4 ||     6
       Blink             |       |       |     4 |     2 ||     6
       Poisonous Vapours |       |       |     3 |    13 ||    16
       Confusing Touch   |       |       |     1 |     1 ||     2
       Slow              |       |       |     1 |       ||     1
  Use: Scroll            |       |       |    13 |     4 ||    17
       Potion            |       |       |     3 |     2 ||     5
 Stab: Confused          |       |     7 |     4 |    17 ||    28
Armor: Robe              |     8 |    14 |     2 |       ||    24
       Leather armour    |       |       |    29 |     3 ||    32
       Ring mail         |       |       |       |    51 ||    51
Dodge: Dodged            |    30 |    41 |    97 |   113 ||   281
       Rpst.: Long sword |       |     3 |    33 |    22 ||    58

Table legend: (Time is in decaauts)
 A = Elapsed time spent in this place.
 B = Non-inter-level travel time spent in this place.
 C = Inter-level travel time spent in this place.
 D = Time resting spent in this place.
 E = Time spent auto-exploring this place.
 F = Levels seen in this place.
 G = Mean time per level.
                   A        B        C        D        E       F      G
               +--------+--------+--------+--------+--------+-----+--------+
         Total |  14637 |  14033 |    604 |   3432 |   8874 |   9 | 1626.3 |
       Dungeon |  14241 |  13683 |    558 |   3432 |   8533 |   8 | 1780.1 |
        Temple |    395 |    349 |     46 |      0 |    341 |   1 |  395.0 |
               +--------+--------+--------+--------+--------+-----+--------+

Top non-repeatable levels by time:
     D:6: 3691 daAuts
     D:1: 2204 daAuts
     D:2: 1645 daAuts
     D:4: 1593 daAuts
     D:3: 1402 daAuts
     D:7: 1374 daAuts
     D:5: 1373 daAuts
     D:8: 956 daAuts
  Temple: 395 daAuts
